 Dungeon Crawl Stone Soup version 0.16-a0-3310-g32384ec (webtiles) character file.

665 Minkie the Sneak (level 7, 36/36 HPs)
             Began as a Gargoyle Enchanter on Dec 26, 2014.
             Quit the game in the Ecumenical Temple.
             The game lasted 00:18:25 (5794 turns).

Minkie the Sneak (Gargoyle Enchanter)               Turns: 5794, Time: 00:18:25

Health: 36/36      AC:  8    Str:  9    XL:     7   Next: 57%
Magic:  12/12      EV: 12    Int: 18    God:
Gold:   162        SH:  0    Dex: 10    Spells: 3 memorised, 4 levels left

rFire  . . .     SeeInvis .     a - +2 dagger (vamp)
rCold  . . .     Clarity  .     b - +1 robe
rNeg   + . .     SustAb   .     (no shield)
rPois  ∞         Gourm    .     (no helmet)
rElec  +         Spirit   .     (no cloak)
rCorr  .         Warding  .     (no gloves)
rMut   .         Stasis   .     (no boots)
MR     .....                    (no amulet)
Stlth  +++.......               i - +1 ring of protection
                                h - -2 ring of strength (curse)

@: not resistant to hostile enchantments, fairly stealthy
A: negative energy resistance 1, electricity resistance, unbreathing,
petrification resistance, rot immunity, AC +4
a: no special abilities


You were in the Ecumenical Temple.
You were not hungry.

You visited 2 branches of the dungeon, and saw 6 of its levels.

You collected 162 gold pieces.

Inventory:

Hand weapons
 a - a +2 vampiric dagger (weapon)
Missiles
 l - 4 javelins (quivered)
Armour
 b - a +1 robe (worn)
Jewellery
 h - a cursed -2 ring of strength (left hand)
 i - a +1 ring of protection (right hand)
 k - an uncursed ring of ice {unknown}
Scrolls
 e - 2 scrolls of enchant weapon {unknown}
 f - 2 scrolls of teleportation {unknown}
 n - 2 scrolls of recharging {unknown}
 r - a scroll of immolation {unknown}
 t - a scroll of remove curse {unknown}
 v - a scroll of noise {unknown}
 x - a scroll of fear {unknown}
 y - 9 scrolls of identify {unknown}
 B - 2 scrolls of fog {unknown}
Potions
 g - 7 potions of curing {unknown}
 o - 2 potions of poison {unknown}
 p - 2 potions of restore abilities {unknown}
 q - a potion of brilliance {unknown}
 u - a potion of magic {unknown}
 A - a potion of heal wounds {unknown}
 C - a potion of ambrosia {unknown}
Books
 c - a book of Maledictions

   Spells                             Type                      Level
   a - Corona                         Hexes                        1
   b - Sure Blade                     Hexes/Charms                 2
   c - Ensorcelled Hibernation        Hexes/Ice                    2
   d - Confuse                        Hexes                        3
   e - Dazzling Spray                 Conjuration/Hexes            3
   f - Enslavement                    Hexes                        4
Comestibles
 d - 5 bread rations
 j - 4 meat rations
 m - a chunk of flesh


   Skills:
 * Level 5.3 Short Blades
 - Level 1.5 Dodging
 + Level 5.4 Stealth
 - Level 2.0 Spellcasting
 + Level 4.5 Hexes


You had 4 spell levels left.
You knew the following spells:

 Your Spells              Type           Power        Failure   Level  Hunger
a - Corona                Hex            ###....      2%          1    #......
b - Ensorcelled Hibernat  Hex/Ice        ##....       12%         2    ###....
c - Confuse               Hex            ###.....     10%         3    ###....


Dungeon Overview and Level Annotations

Branches:
Dungeon (5/15)             Temple (1/1) D:5

Altars:
Ashenzari
Cheibriados
Dithmenos
Elyvilon
Fedhas
Gozag
Kikubaaqudgha
Makhleb
Nemelex Xobeh
Okawaru
Qazlal
Ru
Sif Muna
Trog
Vehumet
Xom
Zin
The Shining One


Innate Abilities, Weirdness & Mutations

You are resistant to torment.
You are immune to poison.
Your stone body is very resilient (AC +4).
You resist negative energy.
You are resistant to electric shocks.
You can survive without breathing.
You are immune to petrification.
You are immune to rotting.


Message History

There is a staircase back to the Dungeon here.
Found a glowing golden altar of the Shining One.
Found a glowing silver altar of Zin.
Found a radiant altar of Vehumet.
Found a sparkling altar of Nemelex Xobeh.
Found a shimmering altar of Xom.
Found a burning altar of Makhleb.
Found a stormy altar of Qazlal.
Found an opulent altar of Gozag.
Found an iron altar of Okawaru.
Found a blossoming altar of Fedhas.
Found a shattered altar of Ashenzari.
Some of the chunks of flesh in your inventory have rotted away.
Found an ancient bone altar of Kikubaaqudgha.
Found a white marble altar of Elyvilon.
Found a bloodstained altar of Trog.
Found a shadowy altar of Dithmenos.
Found a deep blue altar of Sif Muna.
Done exploring.
Are you sure you want to abandon this character and quit the game? (Confirm with "yes".)

#############
#####...........#####
####.....@.............###
###.........................
###.........._..._..._........
##........_..............._....
##..............................
##......._....................._.
#................................
#.................⌠...⌠..........
......._.........................


There were no monsters in sight!

Vanquished Creatures
  An ice beast (D:5)
  2 crimson imps (D:5)
  A jelly (D:5)
  A hound (D:4)
  3 worker ants
  4 iguanas
  An orc wizard (D:4)
  A hound skeleton (D:4)
  2 worker ant zombies (D:5)
  7 adders
  A worm (D:2)
  2 adder skeletons
  5 orcs
  A bat skeleton (D:4)
  13 goblins
  18 hobgoblins
  16 kobolds
  A quokka (D:4)
  3 ball pythons
  7 bats
  6 giant cockroaches
  6 giant geckos
  5 giant newts
  11 jackals
  7 rats
125 creatures vanquished.

Notes
Turn   | Place    | Note
--------------------------------------------------------------
     0 | D:1      | Minkie, the Gargoyle Enchanter, began the quest for the Orb.
     0 | D:1      | Reached XP level 1. HP: 10/10 MP: 3/3
    16 | D:1      | Reached skill level 1 in Short Blades
   383 | D:1      | Reached XP level 2. HP: 9/15 MP: 4/4
   487 | D:1      | Learned a level 2 spell: Ensorcelled Hibernation
  1166 | D:2      | Reached XP level 3. HP: 19/19 MP: 3/6
  1757 | D:2      | Learned a level 3 spell: Confuse
  1772 | D:2      | Reached XP level 4. HP: 24/24 MP: 7/7
  2109 | D:3      | Reached skill level 4 in Stealth
  2524 | D:3      | Reached XP level 5. HP: 24/28 MP: 6/9
  3723 | D:4      | Reached XP level 6. HP: 30/32 MP: 6/10
  4754 | D:5      | Entered Level 5 of the Dungeon
  5206 | D:5      | Reached skill level 5 in Stealth
  5206 | D:5      | Reached XP level 7. HP: 36/36 MP: 7/12
  5388 | D:5      | Reached skill level 5 in Short Blades
  5672 | D:5      | Found a staircase to the Ecumenical Temple.
  5710 | Temple   | Entered the Ecumenical Temple
  5794 | Temple   | Quit the game

Action                   |  1- 3 |  4- 6 |  7- 9 || total
-------------------------+-------+-------+-------++-------
Melee: Dagger            |   144 |   320 |    83 ||   547
Throw: Javelin           |     5 |       |       ||     5
 Cast: Ensorcelled Hiber |     5 |    39 |     4 ||    48
       Confuse           |       |       |     4 ||     4
 Stab: Sleeping          |     7 |    38 |     4 ||    49
       Confused          |       |       |     2 ||     2
  Eat: Chunk             |     3 |    11 |     3 ||    17
       Meat ration       |       |     2 |       ||     2
       Beef jerky        |       |     1 |       ||     1
